 Dungeon Crawl Stone Soup version 0.24.0-28-g17ded55e90 (webtiles) character file.

Game seed: 9853603177856656339, levelgen mode: deterministic

63 95kv the Sneak (level 3, 0/25 HPs)
             Began as a Vampire Enchanter on Nov 12, 2019.
             Was an Initiate of Dithmenos.
             Slain by an iguana (11 damage)
             ... on level 7 of the Dungeon.
             The game lasted 00:25:44 (1761 turns).

95kv the Sneak (Vampire Enchanter)                  Turns: 1761, Time: 00:25:45

Health: 0/25       AC:  4    Str:  7    XL:     3   Next: 87%
Magic:  3/6        EV: 12    Int: 17    God:    Dithmenos [......]
Gold:   41         SH:  0    Dex: 15    Spells: 0/6 levels left

rFire    . . .     SeeInvis +   a - +1 dagger
rCold    . . .     Gourm    .   (no shield)
rNeg     . . .     Faith    .   g - +0 leather armour
rPois    .         Spirit   .   (no helmet)
rElec    .         Reflect  .   (no cloak)
rCorr    .         Harm     .   d - +0 pair of gloves
MR       .....                  (no boots)
Stlth    +++.......             (no amulet)
HPRegen  0.28/turn              (no ring)
MPRegen  0.10/turn              (no ring)

@: regenerating quickly
A: no food, fangs 3, see invisible, unbreathing
a: Exsanguinate, Renounce Religion


You were on level 7 of the Dungeon.
You worshipped Dithmenos.
Dithmenos was noncommittal.
You were alive.

You visited 1 branch of the dungeon, and saw 4 of its levels.

You collected 41 gold pieces.

Inventory:

Hand Weapons
 a - a +1 dagger (weapon)
Armour
 b - a +0 robe
 d - a +0 pair of gloves (worn)
 g - a +0 leather armour (worn)
Scrolls
 c - a scroll of remove curse {unknown}
 f - 3 scrolls of teleportation {unknown}
 h - a scroll of immolation {unknown}
 k - a scroll of identify {unknown}
Potions
 e - 2 potions of degeneration {unknown}
 i - 2 potions of brilliance {unknown}
 j - a potion of ambrosia {unknown}


   Skills:
 + Level 0.8 Fighting
 + Level 1.7 Short Blades
 + Level 2.5 Dodging
 * Level 6.0 Stealth
 + Level 2.1 Spellcasting
 + Level 4.8 Hexes


You couldn't memorise any spells.
You knew the following spells:

 Your Spells              Type           Power        Failure   Level  Hunger
a - Corona                Hex            ###....      4%          1    N/A
b - Ensorcelled Hibernat  Hex/Ice        ##....       16%         2    N/A
c - Tukima's Dance        Hex            ###.....     12%         3    N/A

Your spell library contained the following spells:

 Spells                   Type           Power        Failure   Level  Hunger
 Confusing Touch          Hex            ###...       4%          1    N/A
 Confuse                  Hex            ###.....     12%         3    N/A
 Dazzling Spray           Conj/Hex       ##....       32%         3    N/A
 Gell's Gravitas          Tloc           #.........   65%         3    N/A
 Petrify                  Tmut/Erth      #.......     96%         4    N/A
 Metabolic Englaciation   Hex/Ice        ##........   96%         5    N/A
 Yara's Violent Unravell  Hex/Tmut       ##........   96%         5    N/A

Dungeon Overview and Level Annotations

Branches:
Dungeon (2/15)

Altars:
Dithmenos


Innate Abilities, Weirdness & Mutations

You do not eat.
Your natural rate of healing is unusually fast.
You have razor-sharp teeth.
You have supernaturally acute eyesight. (SInv)
You can survive without breathing.


Message History

Aiming: Ensorcelled Hibernation (safe; 16% risk of failure)
Press: ? - help, Shift-Dir - straight line, f/p - iguana
Aim: an iguana (moderately wounded, softly glowing, chance to defeat MR: 50%)
The iguana resists with some effort.
The iguana bites you but does no damage.
Casting: Ensorcelled Hibernation (safe; 16% risk of failure)
Confirm with . or Enter, or press ? or * to list all spells.
You don't have enough magic to cast that spell.
Unknown command.
Unknown command.
The iguana bites you.
* * * LOW HITPOINT WARNING * * *
The iguana barely misses you.
The iguana stops glowing.
The iguana closely misses you. The iguana misses you. The iguana misses you.
Your magical contamination has completely faded away.
The iguana bites you!
You die...

#.....# #.....#
#.....#
#.....##########
#..............#
#............†.#
#..............#
#.........l....#
######....@....#
#.........#
#.........#
#.........#
#.........#
####+######


You could see an iguana.

Vanquished Creatures
  A worker ant zombie (D:2)
  An adder (D:2)
  A worm (D:2)
  A leopard gecko (D:1)
  A ball python (D:2)
  3 bats (D:1)
  2 giant cockroaches
  5 goblins
  5 hobgoblins
  4 jackals (D:1)
  A frilled lizard (D:2)
  5 kobolds
  7 rats
37 creatures vanquished.

Notes
Turn   | Place    | Note
-------+----------+-------------------------------------------
     0 | D:1      | 95kv the Vampire Enchanter began the quest for the Orb.
     0 | D:1      | Reached XP level 1. HP: 13/13 MP: 3/3
    82 | D:1      | Reached skill level 5 in Stealth
   131 | D:1      | Reached XP level 2. HP: 19/19 MP: 5/5
   135 | D:1      | Learned a level 2 spell: Ensorcelled Hibernation
   983 | D:2      | Reached XP level 3. HP: 25/25 MP: 6/6
  1223 | D:2      | Learned a level 3 spell: Tukima's Dance
  1459 | D:2      | Found a shadowy altar of Dithmenos.
  1478 | D:2      | Reached skill level 6 in Stealth
  1490 | D:2      | Became a worshipper of Dithmenos the Shadowed
  1613 | D:2      | You fall into a shaft and drop 2 floors!
  1648 | D:4      | You fall into a shaft and drop 3 floors!
  1761 | D:7      | Slain by an iguana

Levels and vault maps discovered:
D:1:      dpeg_arrival_orchard, layout_basic, solitary_fountain,
          minmay_misc_feat_tower
D:2:      layout_loops_ring, grunt_qazlal_clouds, serial_bayou,
          serial_bayou_lagoon_b, serial_bayou_crossing,
          chequers_ecumenical_altar_island, first_ration,
          nicolae_dithmenos_shadow_blocks, uniq_robin, uniq_sigmund
D:4:      layout_basic, kennysheep_little_box
D:7:      layout_gridville, kennysheep_mini_moat, minmay_misc_feat_more_columns,
          the_bakery, uniq_pikel

Skill      XL: |  1  2  3 |
---------------+----------+-----
Stealth        | 5 6 |  6.0
Fighting       | |  0.8
Short Blades   | |  1.7
Dodging        | |  2.5
Spellcasting   | |  2.1
Hexes          | |  4.8

Action                   || total
-------------------------++-------
Melee: Dagger            ||   188
       Bite              ||    16
 Cast: Ensorcelled Hiber ||     4
       Tukima's Dance    ||     3
       Corona            ||     2
 Abil: Exsanguinate      ||     1
 Stab: Sleeping          ||    10
       Distracted        ||     1
Armor: Robe              ||    17
       Leather armour    ||    26
Dodge: Dodged            ||   105
